PL
NORTHERN VIRGINIA RAINBOW MERMAIDS @ CLEVELAND BROWNS
04/19/2041
 
TOP OF THE 1ST
Northern Virginia Rainbow Mermaids batting - Pitching for Cleveland Browns : LHP Hermenegildo Beliago
Pitching: LHP Hermenegildo Beliago
Batting: RHB Phil McCroskey 0-0: Ball
1-0: Ball
2-0: Foul Ball, location: 2F
2-1: Ground out 6-3 (Groundball, 6, EV 75.6 MPH)
Batting: LHB Rylen Roersma 0-0: Called Strike
0-1: Called Strike
0-2: Strikes out looking
Batting: RHB Mario Castillo 0-0: Called Strike
0-1: SINGLE (Flyball, 9LS, EV 99.4 MPH)
Batting: RHB Rob Brooks 0-0: Ball
1-0: Ball
2-0: Foul Ball, location: 2F
2-1: Called Strike
2-2: DOUBLE (Flyball, 89D, EV 104.4 MPH)
Mario Castillo to third
Runner from 3rd tries for Home, SAFE, throw by CF to trailing runner, SAFE at third!
Batting: RHB Lorenzo Varela 0-0: Ball
1-0: Called Strike
1-1: Foul Ball, location: 2F
1-2: Ball
Wild Pitch!
Rob Brooks scores
2-2: Foul Ball, location: 2F
2-2: Foul Ball, location: 2F
2-2: Foul Ball, location: 2F
2-2: Strikes out looking
Top of the 1st over - 2 runs, 2 hits, 0 errors, 0 left on base; Northern Virginia 2 - Cleveland 0
BOTTOM OF THE 1ST
Cleveland Browns batting - Pitching for Northern Virginia Rainbow Mermaids : RHP Shang-de Fu
Pitching: RHP Shang-de Fu
Batting: LHB Danny Rodríguez 0-0: Called Strike
0-1: DOUBLE (Flyball, 8RXD, EV 100.6 MPH)
Batting: RHB Tom Camden 0-0: Ball
1-0: Called Strike
1-1: Ball
2-1: Foul Ball, location: 2F
2-2: Ball
3-2: Base on Balls
Batting: RHB Baldomero Avino 0-0: Ball
1-0: Foul Ball, location: 2F
1-1: Foul Ball, location: 2F
1-2: Foul Ball, location: 2F
1-2: Ball
2-2: Foul Ball, location: 2F
2-2: Foul Ball, location: 2F
2-2: Ball
3-2: Foul Ball, location: 2F
3-2: Grounds into double play, 6-4-3 (Groundball, 6M, EV 90.0 MPH)
Danny Rodríguez to third
Batting: LHB León Castillo 0-0: Ball
1-0: Ball
2-0: Swinging Strike
2-1: Ball
3-1: Base on Balls
Batting: RHB Meester Gobbles-Rooster 0-0: Ball
1-0: 3-RUN HOME RUN (Flyball, 7D, EV 106.9 MPH), Distance : 383 ft
Batting: RHB Wilbur Davis 0-0: Fly out, F4 (Popup, 4S, EV 80.6 MPH)
Bottom of the 1st over - 3 runs, 2 hits, 0 errors, 0 left on base; Northern Virginia 2 - Cleveland 3
TOP OF THE 2ND
Northern Virginia Rainbow Mermaids batting - Pitching for Cleveland Browns : LHP Hermenegildo Beliago
Batting: LHB Ryder Ringor 0-0: Swinging Strike
0-1: Fly out, F4 (Line Drive, 4, EV 64.4 MPH)
Batting: RHB Manuel Márquez 0-0: Ground out 6-3 (Groundball, 6M, EV 108.8 MPH)
Batting: RHB Xiao-yong Huang 0-0: Fly out, F9 (Flyball, 9LS, EV 85.0 MPH)
Top of the 2nd over - 0 runs, 0 hits, 0 errors, 0 left on base; Northern Virginia 2 - Cleveland 3
BOTTOM OF THE 2ND
Cleveland Browns batting - Pitching for Northern Virginia Rainbow Mermaids : RHP Shang-de Fu
Batting: RHB Gerold Olthof 0-0: DOUBLE (Flyball, 8RXD, EV 103.1 MPH)
Batting: RHB Katsuhiko Ishihara 0-0: Called Strike
0-1: Ball
1-1: SINGLE (Groundball, 6MD, EV 94.4 MPH)
Gerold Olthof to third
Batting: LHB Jim Brown 0-0: Called Strike
0-1: Ball
1-1: Fielders Choice at 2nd, 5-4 (Groundball, 56, EV 90.0 MPH)
Gerold Olthof scores
Batting: LHB Danny Rodríguez 0-0: Ball
1-0: Ball
2-0: Fly out, F7 (Flyball, 78D, EV 91.9 MPH)
Batting: RHB Tom Camden 0-0: Ball
1-0: Ball
2-0: Foul Ball, location: 2F
2-1: Foul Ball, location: 2F
2-2: Strikes out swinging
Bottom of the 2nd over - 1 run, 2 hits, 0 errors, 1 left on base; Northern Virginia 2 - Cleveland 4
TOP OF THE 3RD
Northern Virginia Rainbow Mermaids batting - Pitching for Cleveland Browns : LHP Hermenegildo Beliago
Batting: RHB Woong Byeon 0-0: Called Strike
0-1: Swinging Strike
0-2: Ball
1-2: Ground out 5-3 (Groundball, 5, EV 102.5 MPH)
Batting: RHB Phil McCroskey 0-0: Ball
1-0: Swinging Strike
1-1: Swinging Strike
1-2: TRIPLE (Line Drive, 78XD, EV 103.8 MPH)
Batting: LHB Rylen Roersma 0-0: Ball
1-0: 2-RUN HOME RUN (Flyball, 9LD, EV 103.1 MPH), Distance : 351 ft
Batting: RHB Mario Castillo 0-0: Ball
1-0: Called Strike
1-1: Ball
2-1: Ball
3-1: Foul Ball, location: 2F
3-2: Foul Ball, location: 2F
3-2: Foul Ball, location: 2F
3-2: Base on Balls
Pitching: RHP Odmar van Hees
Batting: RHB Rob Brooks 0-0: Ball
1-0: Called Strike
Mario Castillo steals 2nd, throwing error, E2
Mario Castillo to third
1-1: SINGLE (Groundball, 34D, EV 104.4 MPH)
Mario Castillo scores
Batting: RHB Lorenzo Varela 0-0: Ball
1-0: Ball
2-0: Ball
3-0: Called Strike
3-1: Fly out, F7 (Flyball, 7LS, EV 70.0 MPH)
Batting: LHB Ryder Ringor 0-0: Called Strike
0-1: Fly out, F8 (Flyball, 8LM, EV 86.2 MPH)
Top of the 3rd over - 3 runs, 3 hits, 1 error, 1 left on base; Northern Virginia 5 - Cleveland 4
BOTTOM OF THE 3RD
Cleveland Browns batting - Pitching for Northern Virginia Rainbow Mermaids : RHP Shang-de Fu
Batting: RHB Baldomero Avino 0-0: Ground out 1-3 (Groundball, 15S, EV 76.2 MPH)
Batting: LHB León Castillo 0-0: Ball
1-0: Foul Ball, location: 2F
1-1: Ball
2-1: Ball
3-1: Called Strike
3-2: Base on Balls
Batting: RHB Meester Gobbles-Rooster 0-0: Ball
1-0: Ball
2-0: Ball
3-0: Called Strike
3-1: Swinging Strike
3-2: Strikes out swinging
Batting: RHB Wilbur Davis 0-0: Called Strike
0-1: Ground out 5-3 (Groundball, 5S, EV 80.0 MPH)
Bottom of the 3rd over - 0 runs, 0 hits, 0 errors, 1 left on base; Northern Virginia 5 - Cleveland 4
TOP OF THE 4TH
Northern Virginia Rainbow Mermaids batting - Pitching for Cleveland Browns : RHP Odmar van Hees
Batting: RHB Manuel Márquez 0-0: Swinging Strike
0-1: Called Strike
0-2: Foul Ball, location: 2F
0-2: Ball
1-2: Foul Ball, location: 2F
1-2: Foul Ball, location: 2F
1-2: Ball
2-2: Ball
3-2: Foul Ball, location: 2F
3-2: Ground out U3 (Groundball, 3, EV 110.0 MPH)
Batting: RHB Xiao-yong Huang 0-0: Ball
1-0: Fly out, F7 (Flyball, 78M, EV 93.1 MPH)
Batting: RHB Woong Byeon 0-0: Ball
1-0: Ball
2-0: Fly out, F9 (Flyball, 9LS, EV 91.9 MPH)
Top of the 4th over - 0 runs, 0 hits, 0 errors, 0 left on base; Northern Virginia 5 - Cleveland 4
BOTTOM OF THE 4TH
Cleveland Browns batting - Pitching for Northern Virginia Rainbow Mermaids : RHP Shang-de Fu
Batting: RHB Gerold Olthof 0-0: Swinging Strike
0-1: Ground out 4-3 (Groundball, 4M, EV 98.1 MPH)
Batting: RHB Katsuhiko Ishihara 0-0: Ball
1-0: Called Strike
1-1: SINGLE (Groundball, 6D, EV 100.0 MPH)
Batting: LHB Jim Brown 0-0: Foul Ball, location: 2F
0-1: Fly out, F9 (Line Drive, 9, EV 86.2 MPH)
Batting: LHB Danny Rodríguez 0-0: Called Strike
0-1: Fielders Choice at 2nd, 5-4 (Groundball, 56, EV 105.6 MPH)
Bottom of the 4th over - 0 runs, 1 hit, 0 errors, 1 left on base; Northern Virginia 5 - Cleveland 4
TOP OF THE 5TH
Northern Virginia Rainbow Mermaids batting - Pitching for Cleveland Browns : RHP Odmar van Hees
Batting: RHB Phil McCroskey 0-0: Foul Ball, location: 2F
0-1: SINGLE (Flyball, 9LM, EV 94.4 MPH)
Batting: LHB Rylen Roersma 0-0: Called Strike
0-1: Called Strike
Phil McCroskey steals 2nd base
0-2: SINGLE (Line Drive, 56, EV 105.0 MPH)
Phil McCroskey to third
Batting: RHB Mario Castillo 0-0: Ball
1-0: Called Strike
1-1: Called Strike
1-2: Ball
2-2: Strikes out swinging
Pitching: RHP Hsiao-lou Lei
Batting: RHB Rob Brooks 0-0: Ball
1-0: Ball
2-0: Swinging Strike
2-1: Called Strike
2-2: Strikes out swinging
Batting: RHB Lorenzo Varela 0-0: Ball
1-0: Called Strike
1-1: Ball
2-1: Reached on error, E6 (Groundball, 6, EV 80.6 MPH)
Phil McCroskey scores
Rylen Roersma to second
Batting: LHB Ryder Ringor 0-0: Called Strike
0-1: Ground out U3 (Groundball, 3, EV 105.0 MPH)
Top of the 5th over - 1 run, 2 hits, 1 error, 2 left on base; Northern Virginia 6 - Cleveland 4
BOTTOM OF THE 5TH
Cleveland Browns batting - Pitching for Northern Virginia Rainbow Mermaids : RHP Shang-de Fu
Pitching: RHP Nick Cole
Batting: RHB Tom Camden 0-0: Ball
1-0: Ball
2-0: Called Strike
2-1: SINGLE (Groundball, 6D, EV 98.1 MPH)
Batting: RHB Baldomero Avino 0-0: Called Strike
Tom Camden steals 2nd base (no throw)
0-1: Foul Ball, location: 2F
0-2: Ball
Wild Pitch!
Tom Camden to third
1-2: Fly out, F9 (Flyball, 9LD, EV 103.8 MPH)
Runner from 3rd tags up, SCORES, throw by RF
Batting: LHB León Castillo 0-0: Ball
1-0: Ball
2-0: Ball
3-0: Called Strike
3-1: Base on Balls
Batting: RHB Meester Gobbles-Rooster 0-0: Ball
1-0: Grounds into double play, 5-4-3 (Groundball, 56, EV 108.8 MPH)
Bottom of the 5th over - 1 run, 1 hit, 0 errors, 0 left on base; Northern Virginia 6 - Cleveland 5
TOP OF THE 6TH
Northern Virginia Rainbow Mermaids batting - Pitching for Cleveland Browns : RHP Hsiao-lou Lei
Batting: RHB Manuel Márquez 0-0: Ground out 6-3 (Groundball, 6, EV 103.8 MPH)
Batting: RHB Xiao-yong Huang 0-0: Ball
1-0: Ball
2-0: DOUBLE (Line Drive, 3D, EV 95.0 MPH)
Batting: RHB Woong Byeon 0-0: Swinging Strike
0-1: Called Strike
0-2: Ball
1-2: Strikes out swinging
Pinch Hitting: RHB José García 0-0: Ball
1-0: Foul Ball, location: 2F
1-1: Swinging Strike
1-2: Ground out 6-3 (Groundball, 6, EV 97.5 MPH)
Top of the 6th over - 0 runs, 1 hit, 0 errors, 1 left on base; Northern Virginia 6 - Cleveland 5
BOTTOM OF THE 6TH
Cleveland Browns batting - Pitching for Northern Virginia Rainbow Mermaids : RHP Nick Cole
Now in CF: José García
Batting: RHB Wilbur Davis 0-0: Ball
1-0: Foul Ball, location: 2F
1-1: Ball
2-1: Ground out 5-3 (Groundball, 56, EV 91.2 MPH)
Batting: RHB Gerold Olthof 0-0: Swinging Strike
0-1: Ball
1-1: Swinging Strike
1-2: SINGLE (Groundball, 6, EV 79.4 MPH) (infield hit)
Batting: RHB Katsuhiko Ishihara 0-0: Ball
1-0: Ball
2-0: Fly out, F3 (Popup, 3SF, EV 69.4 MPH)
Batting: LHB Jim Brown 0-0: Foul Ball, location: 2F
0-1: Ball
1-1: SINGLE (Groundball, 6, EV 108.1 MPH) (infield hit)
Gerold Olthof to second
Pinch Hitting: RHB Roberto Vázquez 0-0: Ball
1-0: Fielders Choice at 2nd, 6-4 (Groundball, 6, EV 105.6 MPH)
Bottom of the 6th over - 0 runs, 2 hits, 0 errors, 2 left on base; Northern Virginia 6 - Cleveland 5
TOP OF THE 7TH
Northern Virginia Rainbow Mermaids batting - Pitching for Cleveland Browns : RHP Hsiao-lou Lei
Now in LF: Roberto Vázquez
Pinch Hitting: RHB Syed Sarkar 0-0: Ball
1-0: Foul Ball, location: 2F
1-1: Ball
2-1: Foul Ball, location: 2F
2-2: Ground out 5-3 (Groundball, 56, EV 101.9 MPH)
Pinch Hitting: RHB John Juanda 0-0: Ball
1-0: Ground out 5-3 (Groundball, 56, EV 88.1 MPH)
Pinch Hitting: RHB Mauro Jasso 0-0: SINGLE (Line Drive, 78S, EV 91.9 MPH)
Pinch Hitting: RHB Nate Edwards 0-0: Swinging Strike
0-1: Ground out 4-3 (Groundball, 4, EV 110.0 MPH)
Top of the 7th over - 0 runs, 1 hit, 0 errors, 1 left on base; Northern Virginia 6 - Cleveland 5
BOTTOM OF THE 7TH
Cleveland Browns batting - Pitching for Northern Virginia Rainbow Mermaids : RHP Nick Cole
Now at 1B: Omar Krutsinger
Now at SS: John Juanda
Now in LF: Nate Edwards
Now in RF: Mauro Jasso
Pinch Hitting: RHB Dale Epner 0-0: Called Strike
0-1: Ball
1-1: Ball
2-1: Swinging Strike
2-2: Foul Ball, location: 2F
2-2: Strikes out swinging
Pinch Hitting: RHB Lawrence Stokes 0-0: Ball
1-0: Fly out, F8 (Line Drive, 8RM, EV 94.4 MPH)
Batting: LHB Lauren Hilfiker 0-0: Ball
1-0: SINGLE (Line Drive, 34D, EV 93.8 MPH)
Pinch Hitting: LHB Luis Aranda 0-0: Swinging Strike
0-1: Ball
1-1: Ground out 4-3 (Groundball, 4, EV 84.4 MPH)
Bottom of the 7th over - 0 runs, 1 hit, 0 errors, 1 left on base; Northern Virginia 6 - Cleveland 5
TOP OF THE 8TH
Northern Virginia Rainbow Mermaids batting - Pitching for Cleveland Browns : RHP Hsiao-lou Lei
Now at 1B: Lawrence Stokes
Now at 2B: Dale Epner
Now at SS: Luis Aranda
Pinch Hitting: RHB Víctor Bojórquez 0-0: Ground out 2-3 (Groundball, 15S, EV 64.4 MPH)
Pinch Hitting: LHB Steve Whitehead 0-0: Swinging Strike
0-1: Foul Ball, location: 2F
0-2: Strikes out swinging
Batting: LHB Carlos Díaz 0-0: Ball
1-0: Foul Ball, location: 2F
1-1: Ball
2-1: Ball
3-1: Ground out U3 (Groundball, 3L, EV 86.9 MPH)
Top of the 8th over - 0 runs, 0 hits, 0 errors, 0 left on base; Northern Virginia 6 - Cleveland 5
BOTTOM OF THE 8TH
Cleveland Browns batting - Pitching for Northern Virginia Rainbow Mermaids : RHP Nick Cole
Now at 2B: Steve Whitehead
Now at 3B: Víctor Bojórquez
Pinch Hitting: SHB Esteban Piñeiro 0-0: Called Strike
0-1: Called Strike
0-2: Foul Ball, location: 2F
0-2: Foul Ball, location: 2F
0-2: Strikes out looking
Batting: RHB Gerold Olthof 0-0: Ball
1-0: Foul Ball, location: 2F
1-1: Fly out, F9 (Flyball, 9, EV 81.2 MPH)
Pinch Hitting: RHB Jim MacRach 0-0: Foul Ball, location: 2F
0-1: SINGLE (Flyball, 9LD, EV 100.0 MPH)
Pinch Hitting: LHB Sadatake Abe 0-0: Called Strike
0-1: Ball
1-1: Foul Ball, location: 2F
1-2: Ball
2-2: Foul Ball, location: 2F
2-2: Foul Ball, location: 2F
2-2: Ball
3-2: Base on Balls
Jim MacRach to second
Pitching: RHP Mario Rosales
Batting: RHB Roberto Vázquez 0-0: DOUBLE (Line Drive, 7LD, EV 110.6 MPH)
Jim MacRach scores
Sadatake Abe to third
Runner from 3rd tries for Home, SAFE, throw by LF to trailing runner, SAFE at third!
Batting: RHB Dale Epner 0-0: Called Strike
0-1: Foul Ball, location: 2F
0-2: SINGLE (Groundball, 6MD, EV 103.8 MPH)
Roberto Vázquez scores
Batting: RHB Lawrence Stokes 0-0: Ball
1-0: Called Strike
1-1: Foul Ball, location: 2F
1-2: Ground out 4-3 (Groundball, 34, EV 80.6 MPH)
Bottom of the 8th over - 3 runs, 3 hits, 0 errors, 1 left on base; Northern Virginia 6 - Cleveland 8
TOP OF THE 9TH
Northern Virginia Rainbow Mermaids batting - Pitching for Cleveland Browns : RHP Hsiao-lou Lei
Now at 3B: Jackson Cluff
Now in CF: Esteban Piñeiro
Now in RF: Sadatake Abe
Pinch Hitting: RHB Sergio Dávalos 0-0: Fly out, F3 (Popup, 3L, EV 58.8 MPH)
Batting: RHB José García 0-0: Ground out U3 (Groundball, 34S, EV 76.2 MPH)
Batting: RHB Omar Krutsinger 0-0: Called Strike
0-1: Foul Ball, location: 2F
0-2: Strikes out looking
Top of the 9th over - 0 runs, 0 hits, 0 errors, 0 left on base; Northern Virginia 6 - Cleveland 8
Tuesday, January 5th, 2021 - OOTP Baseball 20.8 Build 74